[Event "Régional Jeunes Occitanie 2024"]
[Site "L'Isle Jourdain, France"]
[Date "2024.02.22"]
[Round "4.4"]
[White "MOREL, Yohann"]
[Black "RAMANANTSOA, Stanley"]
[Result "1-0"]
[TimeControl "1h30 + 30s/cps"]
[WhiteElo "1647"]
[BlackElo "1664"]

1. e4 c5 2. c3 Nf6 3. e5 Nd5 4. d4 cxd4 5. Nf3 Nc6 6. cxd4 d6 7. Bc4 e6 8. O-O Nb6 9. Bb3 dxe5 10.
dxe5 Be7 11. Qxd8+ Bxd8 12. Nc3 Nd7 13. Bf4 a6 14. Ne4 Bc7 15. Rac1 Bxe5 16. Nxe5 Ncxe5 17. Bxe5 Nxe5 18. Nd6+ Ke7 19.
Nxb7 Bxb7 20. Rc7+ Kf6 21. Rxb7 Rhd8 22. f4 Nd7 23. Rc1 Rab8 24. Ra7 Ra8 25. Rxa8 Rxa8 26. Rc7 Nb6 27. f5 Nd5 28.
Rd7 Rc8 29. fxe6 fxe6 30. Rd6 Ke5 31. Rxa6 Rc1+ 32. Kf2 Rb1 33. Ra7 Rxb2+ 34. Kf3 Kf6 35. h4 h5 36. g3 g6 37. Ra6 Ke5 38. Ra4 Kf5 39.
Rd4 Ke5 40. Re4+ Kf5 41. Re2 Rxe2 42. Kxe2 Nc3+ 43. Kf3 e5 44. a4 e4+ 45. Kf2 g5 46. hxg5 Kxg5 47. a5 h4 48. gxh4+ Kxh4 49. a6 Nb5 50.
Bc4 Nc7 51. a7 Kg5 52. Ke3 Kf6 53. Kxe4 Ke7 54. Ke5 Kd7 55. Bb5+ Ke7 56. Bc6 Kd8 57. Kd6 Kc8 58. Kc5 Ne6+ 59. Kb6 Nc7 60. Be4 Kd7 61. Kb7 Kd6 62. Bf5 Na8 63.
Kxa8 Kc7 64. Be4 Kc8 65. Bf3 Kc7 66. Bb7 1-0

[Event "Régional Jeunes Occitanie 2024"]
[Site "L'Isle Jourdain, France"]
[Date "2024.02.22"]
[Round "4.5"]
[White "WITTMANN, Paul"]
[Black "HUDE, Hugo"]
[Result "1-0"]
[TimeControl "1h30 + 30s/cps"]
[WhiteElo "1536"]
[BlackElo "1592"]

1. e4 e6 2. d4 d5 3. exd5 exd5 4. c4 c6 5. Nc3 Nf6 6. Bg5 Be7 7. Qb3 Qb6 8. Nf3 Be6 9. Qxb6 axb6 10.
cxd5 Nxd5 11. Bc4 Bb4 12. Bd2 Nxc3 13. Bxe6 fxe6 14. bxc3 Ba3 15. Rb1 Nd7 16. O-O Be7 17. Rfe1 Rxa2 18.
Rxe6 Kd8 19. Rbe1 Bf6 20. Ng5 Kc8 21. Bf4 h6 22. Nf7 Rd8 23. Nxd8 Bxd8 24. h3 Nf6 25. Bd6 Nd5 26. c4 Nc7 27. Rg6 Bh4 28. g3 Bf6 29. Be5 Bd8 30. Bxc7 Kxc7 31. Rxg7+ Kc8 32. d5 cxd5 33. Rd1 Re2 34. Rxd5 Re8 35. Rdd7 h5 36. Rxb7 h4 37. Ra7 Kb8 38.
Rgb7+ Kc8 39. Rh7 Kb8 40. Ra3 b5 41. cxb5 hxg3 42. fxg3 Rf8 43. Kg2 Bb6 44. Rf3 Re8 45. h4 Re2+ 46. Kh3 Re8 47. h5 Rg8 48. h6 Bc7 49.
Rg7 Rc8 50. h7 Bd8 51. h8=Q Ka8 52. Rf8 Bc7 53. Rxc7 Kb8 54. Rfxc8# 1-0

[Event "Régional Jeunes Occitanie 2024"]
[Site "L'Isle Jourdain, France"]
[Date "2024.02.22"]
[Round "4.1"]
[White "BEUCHER, Gauthier"]
[Black "MORENO-CHABOT, Clement"]
[Result "0-1"]
[TimeControl "1h30 + 30s/cps"]
[WhiteElo "1484"]
[BlackElo "1771"]

1. e4 c5 2. Nf3 Nc6 3. d4 cxd4 4. Nxd4 g6 5. Nc3 Bg7 6. Be3 Nf6 7. Be2 O-O 8. O-O d6 9. f4 Bd7 10. Bf2 Nxd4 11. Bxd4 Bc6 12. Bf3 Qa5 13. e5 Bxf3 14. Rxf3 dxe5 15.
fxe5 Ng4 16. e6 Rad8 17. Rd3 Bxd4+ 18. Rxd4 Qb6 19. Ne2 fxe6 20. h3 e5 21. hxg4 exd4 22. Qd3 Qf6 23. Ng3 Qf2+ 24.
Kh2 Qe3 0-1

[Event "Régional Jeunes Occitanie 2024"]
[Site "L'Isle Jourdain, France"]
[Date "2024.02.22"]
[Round "4.7"]
[White "BAUER, Pierre"]
[Black "GRAND, Theophile"]
[Result "1-0"]
[TimeControl "1h30 + 30s/cps"]
[WhiteElo "1765"]
[BlackElo "1325"]

1. c4 e5 2. Nc3 Nf6 3. g3 Bb4 4. Bg2 O-O 5. Qb3 Nc6 6. e3 Bxc3 7. Qxc3 e4 8. Ne2 d6 9. d4 exd3 10.
Qxd3 Ne5 11. Qc2 Be6 12. b3 d5 13. Bb2 Ned7 14. Nf4 c6 15. O-O Nb6 16. Rad1 Qe7 17. Bxf6 Qxf6 18. cxd5 cxd5 19.
Nxd5 Nxd5 20. Bxd5 Bxd5 21. Rxd5 Rac8 22.
Qd2 Rc7 23. Rd1 h6 24. Qd4 Qa6 25. Rd8 Rc8 26. Rd7 Rc2 27. a4 b6 28. Qf4 Qe2 29. Rd8 Rc8 30. R8d2 Qh5 31. Rd7 a6 32. Kg2 b5 33. R1d5 Qg6 34. axb5 axb5 35. R7d6 Qc2 36.
Rxb5 Rc3 37. b4 Rc4 38. Rd4 Rxd4 39. Qxd4 Qc6+ 40.
Qd5 Qxd5+ 41. Rxd5 Rb8 42. Rd4 f6 43. Kf3 Kf7 44.
Ke4 Ke6 45. Kd3 Rb5 46. Kc4 Rf5 47. Rf4 1-0

[ePGN "0.1;DGT LiveChess/2.2.6"]

[Event "Régional Jeunes Occitanie 2024"]
[Site "L'Isle Jourdain, France"]
[Date "2024.02.23"]
[Round "5.3"]
[White "DUCES-AKHVERDOFF, Gabriel"]
[Black "PIERROT, Yohann"]
[Result "1-0"]
[TimeControl "1h30 + 30s/cps"]
[WhiteElo "1797"]
[BlackElo "2053"]

1. d4 Nf6 2. c4 g6 3. Nc3 d5 4. cxd5 Nxd5 5. e4 Nxc3 6. bxc3 Bg7 7. Bb5+ Nd7 8. Nf3 O-O 9. O-O a6 10.
Bd3 c5 11. Be3 Qa5 12. Qc2 b5 13. a4 bxa4 14. Rxa4 Qc7 15. Qa2 Bb7 16. Nd2 Nf6 17. f3 Rfd8 18. Bxa6 cxd4 19. cxd4 Qc3 20.
Re1 Bxa6 21. Rxa6 Rxa6 22. Qxa6 Ne8 23. d5 Nd6 24. Qe2 Ra8 25. Nf1 Qb4 26. Rc1 Qa3 27. Qd2 Qa4 28. Rc7 Qb5 29. Rc5 Qa4 30. Qc2 Qa1 31. Qc1 Qe5 32. Qd2 Ra1 33. Rc1 Ra4 34.
Bf4 Qd4+ 35. Qxd4 Bxd4+ 36. Be3 Nb5 37. Bxd4 Nxd4 38. Rd1 Kf8 39. Kf2 Ke8 40. Rd2 Kd7 41. Ne3 Nb5 42.
Rb2 Nc7 43. Ng4 f6 44. Rb8 h5 45. Ne3 Ne8 46. h4 Ra2+ 47. Kg3 g5 48. Nf5 Ra7 49. Rb6 g4 50. fxg4 hxg4 51. Kxg4 Ra4 52. Kf4 Ra2 53. g3 1-0

[Event "Régional Jeunes Occitanie 2024"]
[Site "L'Isle Jourdain, France"]
[Date "2024.02.23"]
[Round "5.4"]
[White "PERROUIN, Alexian"]
[Black "MOREL, Yohann"]
[Result "1-0"]
[TimeControl "1h30 + 30s/cps"]
[WhiteElo "1829"]
[BlackElo "1647"]

1. e4 e5 2. Nf3 Nc6 3. Bb5 a6 4. Ba4 Nf6 5. O-O Be7 6. d3 b5 7. Bb3 d6 8. a4 Bb7 9. Nc3 b4 10.
Nd5 O-O 11. a5 Nxd5 12. Bxd5 Nxa5 13. Bxb7 Nxb7 14. d4 exd4 15. Qxd4 c5 16. Qd5 Qc7 17. Rd1 a5 18. Bf4 Ra6 19.
Qc4 Qc6 20. Rd5 a4 21. e5 Rd8 22. exd6 Bxd6 23. Bxd6 Rxd6 24. Rf5 Qd7 25. Re1 h6 26. Rxf7 Na5 27. Qxa6 Kxf7 28. Qxa5 Rd1 29. Qxc5 Rxe1+ 30. Nxe1 Qe7 31. Qxe7+ Kxe7 32. Nd3 a3 33. bxa3 1-0

[Event "Régional Jeunes Occitanie 2024"]
[Site "L'Isle Jourdain, France"]
[Date "2024.02.23"]
[Round "5.5"]
[White "ABELA, Ronan"]
[Black "WITTMANN, Paul"]
[Result "0-1"]
[TimeControl "1h30 + 30s/cps"]
[WhiteElo "1295"]
[BlackElo "1536"]

1. e4 c5 2. Nf3 e6 3. d4 cxd4 4. Nxd4 Nf6 5. Bd3 Nc6 6. Nxc6 bxc6 7. Be3 Qc7 8. O-O d5 9. exd5 cxd5 10.
Nd2 Bd6 11. h3 O-O 12. c3 e5 13. Qe2 Nd7 14. Nb3 f5 15. f4 exf4 16. Bd4 Nf6 17. Bxf6 Rxf6 18. Nd4 Rb8 19. Kh1 Bd7 20.
Qc2 g6 21. Rfe1 Rff8 22. Re2 Rfe8 23. Rae1 Rxe2 24. Rxe2 Re8 25. Qb3 Rxe2 26. Qxd5+ Be6 27. Qa8+ Qb8 28. Qxb8+ Bxb8 29. Bxe2 Bxa2 30.
b3 Be5 31. Bc4+ Kf8 32. Ne2 a5 33. Nc1 Bb1 34. Ne2 Be4 35. Kg1 f3 36. gxf3 Bxf3 37. Nd4 Bxd4+ 38. cxd4 Be4 39. Kf2 Ke7 40. h4 h6 41. Kg3 g5 42. hxg5 hxg5 43. Bg8 Kd6 0-1

[Event "Régional Jeunes Occitanie 2024"]
[Site "L'Isle Jourdain, France"]
[Date "2024.02.23"]
[Round "5.6"]
[White "DESPAUX, Axel"]
[Black "LAVAL, Nolan"]
[Result "0-1"]
[TimeControl "1h30 + 30s/cps"]
[WhiteElo "1448"]
[BlackElo "1454"]

1. e4 c5 2. Nc3 e6 3. Nf3 Nc6 4. d4 cxd4 5. Nxd4 Nf6 6. Be2 Bb4 7. O-O Bxc3 8. bxc3 Nxd4 9. Qxd4 Qe7 10.
e5 Nd5 11. a4 O-O 12. Ba3 Qg5 13. Bxf8 Kxf8 14. Bf3 Ne7 15. Qd6 Ke8 16. Rab1 Nc6 17. Bxc6 dxc6 18. Rfd1 Qe7 19. a5 Qxd6 20.
Rxd6 a6 21. Rb4 Ke7 22. Rh4 h6 23. Rg4 g6 24. Rh4 Bd7 25. Rhd4 Be8 26. Rb4 Rb8 27. f4 f6 28. Rd3 f5 29.
h3 c5 30. Rb6 Bc6 31. c4 Rd8 32. Kf2 Rd7 33. g4 Be4 34. Rxd7+ Kxd7 35. c3 Bc6 36. Kg3 Ke7 37. Kh4 Bf3 38.
Kg3 Bc6 39. Rb1 Be4 40. Kf2 Bxb1 41. gxf5 exf5 42. h4 Bd3 43. Ke3 Bxc4 44. Kd2 Ke6 45. Ke3 Kd5 46. Kf3 h5 47. Ke3 Kc6 48.
Kd2 Kb5 49. Kc2 Kxa5 50. Kc1 b5 51. Kb1 b4 52. Kb2 bxc3+ 53. Kxc3 Bf7 54. Kc2 Kb4 55. Kb2 a5 56. e6 Bxe6 57.
Kc2 a4 58. Kb2 a3+ 59. Kc2 a2 60. Kb2 a1=Q+ 61. Kxa1 Kc3 0-1

[Event "Régional Jeunes Occitanie 2024"]
[Site "L'Isle Jourdain, France"]
[Date "2024.02.23"]
[Round "5.2"]
[White "BALDASSARI, Milan"]
[Black "Collas, Anthony"]
[Result "0-1"]
[TimeControl "1h30 + 30s/cps"]
[WhiteElo "1357"]
[BlackElo "1439"]

1. b3 d5 2. Bb2 Nc6 3. e3 e5 4. Bb5 e4 5. d3 Bd7 6. dxe4 dxe4 7. Nd2 Qg5 8. Bxc6 Bxc6 9. g3 O-O-O 10. Nh3 Qf5 11. Nf4 Nf6 12. Qe2 Bb4 13. O-O-O Bb5 14. c4 Bc6 15. Rhg1 Qa5 16. Kc2 Rd7 17. a3 Bxa3 18. Bxf6 gxf6 19.
f3 exf3 20. Nxf3 Be4+ 21. Nd3 Rhd8 22. Nfe1 Bb4 23. Kb2 Bc3+ 24. Kc2 Qa2+ 0-1

[Event "Régional Jeunes Occitanie 2024"]
[Site "L'Isle Jourdain, France"]
[Date "2024.02.23"]
[Round "5.7"]
[White "VALMIR, Clovis"]
[Black "BAUER, Pierre"]
[Result "0-1"]
[TimeControl "1h30 + 30s/cps"]
[WhiteElo "1390"]
[BlackElo "1765"]

1. e4 c5 2. Nf3 Nc6 3. b4 Nxb4 4. c3 Nc6 5. d4 d5 6. e5 Bg4 7. Nbd2 cxd4 8. cxd4 e6 9. Rb1 Rb8 10.
Bb5 Bf5 11. Bxc6+ bxc6 12. Rxb8 Qxb8 13. Qa4 Qb6 14. O-O Bb4 15. a3 Ba5 16. Nb3 Bc2 17. Nfd2 Bxd2 18. Bxd2 Bxb3 19. Qb4 Qxb4 20.
Bxb4 Ne7 21. Rb1 Nc8 22. Rxb3 Kd7 23. Ba5 Nb6 24. Bxb6 Rb8 25. Rf3 Rxb6 26. h4 Ke7 27. Rg3 g6 28.
Rc3 f6 29. f4 f5 30. Kf2 Kd7 31. Kg3 Rb2 32. Rd3 c5 33. dxc5 Kc6 34. Kf3 a5 35. Rc3 a4 36. Ke3 Rxg2 37.
Rc1 Rg3+ 38. Kd4 Rf3 39. h5 Rxf4+ 40. Ke3 Re4+ 41. Kd3 gxh5 42. Rb1 Kxc5 43. Rb8 Rxe5 44. Rc8+ Kd6 45. Ra8 Re4 46.
Ra6+ Ke5 47. Ra7 Rg4 48. Rxh7 Rg3+ 49. Kc2 Rxa3 50. Rxh5 Rg3 51. Kb2 Ke4 52. Rh2 e5 53. Rc2 d4 54.
Rc4 a3+ 55. Ka2 f4 56. Ra4 Rc3 57. Ra8 f3 58. Rh8 Ke3 59. Re8 e4 60. Re7 f2 61. Re8 Rc2+ 62. Kb1 f1=Q+ 63. Kxc2 Qd3+ 64.
Kc1 Qd2+ 65. Kb1 Qb2# 0-1

[Event "Régional Jeunes Occitanie 2024"]
[Site "L'Isle Jourdain, France"]
[Date "2024.02.23"]
[Round "5.8"]
[White "MARTINEZ, Julien"]
[Black "BEUCHER, Simon"]
[Result "1-0"]
[TimeControl "1h30 + 30s/cps"]
[WhiteElo "1556"]
[BlackElo "1295"]

1. d4 e6 2. Nf3 d5 3. Bf4 Nf6 4. e3 Bd6 5. Ne5 O-O 6. Nd2 c5 7. Bd3 Nc6 8. c3 cxd4 9. exd4 Bd7 10.
Nxf7 Rxf7 11. Bxd6 Rc8 12. O-O Be8 13. Bg3 Rf8 14. h3 Bh5 15. Qc2 Nxd4 16. Qa4 Nc6 17. Rfe1 Re8 18. Qb3 Qd7 19.
Bb5 a6 20. Be2 Bg6 21. Nf3 Qe7 22. Ne5 Nxe5 23. Bxe5 Nd7 24. Bg3 Nf6 25. Bf3 Be4 26. Bxe4 Nxe4 27. Be5 Rf8 28. f3 Nd2 29. Qc2 Qg5 30. f4 Nf3+ 31.
Kh1 Nxe1 32. Rxe1 Qg3 33. Qd2 Rf5 34. Re3 Qg6 35.
Qe1 Qh6 36. Rg3 g6 37. Qe3 Rc4 38. Qb6 Qh4 39. Qxe6+ Rf7 40. Qe8+ Rf8 41. Rxg6+ hxg6 42. Qxg6# 1-0

[Event "Régional Jeunes Occitanie 2024"]
[Site "L'Isle Jourdain, France"]
[Date "2024.02.23"]
[Round "5.1"]
[White "MORENO-CHABOT, Clement"]
[Black "CLAVERIE, Gabriel"]
[Result "1-0"]
[TimeControl "1h30 + 30s/cps"]
[WhiteElo "1771"]
[BlackElo "1132"]

1. d4 d5 2. c4 c6 3. g3 Bf5 4. Bg2 e6 5. Nc3 Bd6 6. Nf3 Ne7 7. O-O O-O 8. Re1 Nd7 9. Nd2 Qa5 10.
e4 Bg6 11. Nb3 Qb4 12. a3 Qb6 13. c5 Nxc5 14. dxc5 Bxc5 15. Nxc5 Qxc5 16. Be3 Qd6 17. Rc1 Rad8 18. exd5 cxd5 19.
Bf4 Qb6 20. Na4 Qa5 21. Bc7 b6 22. Bxd8 Rxd8 23. Bf1 b5 24. Nc5 h6 25. Nb7 Qb6 26. Nxd8 Qxd8 27. Bxb5 1-0

[ePGN "0.1;DGT LiveChess/2.2.6"]

[Event "Régional Jeunes Occitanie 2024"]
[Site "L'Isle Jourdain, France"]
[Date "2024.02.23"]
[Round "6.6"]
[White "FIORIO, Thomas"]
[Black "ABELA, Ronan"]
[Result "0-1"]
[TimeControl "1h30 + 30s/cps"]
[WhiteElo "1463"]
[BlackElo "1295"]

1. e4 c6 2. Nf3 d5 3. Nc3 dxe4 4. Nxe4 Bg4 5. h3 Bxf3 6. Qxf3 e6 7. Bc4 Nd7 8. d4 Ngf6 9. c3 Nxe4 10. Qxe4 Nf6 11. Qf3 Be7 12. Bd2 O-O 13. O-O-O b5 14. Bb3 Qb6 15. Rhe1 Nd5 16. Bxd5 cxd5 17. Qg4 b4 18. cxb4 Rfc8+ 19. Kb1 Bxb4 20. Bh6 Bf8 21. Re3 Rab8 22. Rb3 Qc6 23. Rxb8 Rxb8 24. Rd3 e5 25.
Be3 e4 26. Rc3 Qxc3 27. Qe2 Qc4 28. Qxc4 dxc4 29. Kc2 Rc8 30. Kc3 a5 31. d5 Bd6 32. Bd2 Bb4+ 33. Kd4 0-1

[Event "Régional Jeunes Occitanie 2024"]
[Site "L'Isle Jourdain, France"]
[Date "2024.02.23"]
[Round "6.7"]
[White "OFFORT, Louis Alyster"]
[Black "MARTINEZ, Julien"]
[Result "0-1"]
[TimeControl "1h30 + 30s/cps"]
[WhiteElo "1354"]
[BlackElo "1556"]

1. e4 c6 2. d4 d5 3. exd5 cxd5 4. Bd3 Nf6 5.
h3 Nc6 6. c3 e6 7. Bf4 Bd6 8. Bxd6 Qxd6 9. Nf3 a6 10. Nbd2 b5 11. a3 Rb8 12. Qe2 Nd7 13. O-O O-O 14. Ng5 g6 15. Qg4 e5 16. dxe5 Ncxe5 17. Qh4 Nf6 18. Qf4 Nh5 19. Qh2 Qf6 20. Ngf3 Nxd3 21. Qxb8 Nhf4 22. Qa7 Re8 23. Qd4 Ne2+ 0-1

[Event "Régional Jeunes Occitanie 2024"]
[Site "L'Isle Jourdain, France"]
[Date "2024.02.23"]
[Round "6.1"]
[White "COLLAS, Anthony"]
[Black "MORENO-CHABOT, Clement"]
[Result "1/2-1/2"]
[TimeControl "1h30 + 30s/cps"]
[WhiteElo "1439"]
[BlackElo "1771"]

1. e4 c5 2. Nf3 Nc6 3. Bb5 g6 4. Bxc6 dxc6 5. O-O Bg7 6. d3 e5 7. Be3 b6 8. h3 Qc7 9. Qd2 Ba6 10. a4 Nf6 11. Bh6 O-O 12. Nc3 Rfd8 13.
b3 c4 14. bxc4 Bxc4 15. a5 bxa5 16. Bxg7 Kxg7 17. Qg5 Bxd3 18. cxd3 Rxd3 19. Rfc1 Re8 20. Rc2 h6 21. Qc1 Red8 22. Ne1 R3d7 23.
Rca2 Qb6 24. Nf3 Qb4 25. Ra4 Qb3 26. R4a3 Qb6 27. Rxa5 Nxe4 28. Rxe5 Qxf2+ 29. Kh2 Qg3+ 30. Kg1 Qf2+ 31. Kh2 Qg3+ 1/2-1/2

[Event "Régional Jeunes Occitanie 2024"]
[Site "L'Isle Jourdain, France"]
[Date "2024.02.23"]
[Round "6.4"]
[White "RAMANANTSOA, Stanley"]
[Black "FESIGNY, Oceane"]
[Result "1/2-1/2"]
[TimeControl "1h30 + 30s/cps"]
[WhiteElo "1664"]
[BlackElo "1761"]

1. d4 d5 2. c4 e6 3. Nf3 Nf6 4. g3 Be7 5. Bg2 O-O 6. O-O c6 7. Qc2 Nbd7 8. Nbd2 Re8 9. e4 dxe4 10. Nxe4 Nxe4 11. Qxe4 Nf6 12. Qe2 h6 13. Rd1 Bd6 14.
b3 Qe7 15. Bb2 Rb8 16. Ne5 Nd7 17.
Nd3 c5 18. dxc5 Nxc5 19. Nxc5 Bxc5 20. Qe5 Qf6 21. Qxc5 Qxb2 22. Qxa7 Qe5 23. Rac1 Qc7 24. Rc2 Bd7 25. Rcd2 Bc6 26. Qc5 Rec8 27. Bxc6 Qxc6 28. Qxc6 bxc6 29.
Rd7 Ra8 30. R1d2 Kf8 31. Rb7 Rcb8 32. Rc7 Rc8 33. Rdd7 Rxc7 34. Rxc7 Rxa2 35. Rxc6 Rb2 36. Rb6 Ke8 37. Rb7 g6 38.
c5 f5 39. b4 Kd8 40. b5 Kc8 41. c6 e5 42. Kg2 e4 43. Kf1 g5 44. Rh7 Rxb5 45. Rxh6 f4 46. gxf4 gxf4 47. Kg2 Kc7 48.
h4 Re5 49. Rf6 e3 50. fxe3 fxe3 51. Kf1 Rh5 52. Ke2 Rxh4 53. Kxe3 1/2-1/2

[Event "Régional Jeunes Occitanie 2024"]
[Site "L'Isle Jourdain, France"]
[Date "2024.02.23"]
[Round "6.5"]
[White "WITTMANN, Paul"]
[Black "LAVAL, Nolan"]
[Result "0-1"]
[TimeControl "1h30 + 30s/cps"]
[WhiteElo "1536"]
[BlackElo "1454"]

1. e4 c5 2. Nf3 d6 3. d4 cxd4 4. Nxd4 Nf6 5. Nc3 g6 6. Bc4 Bg7 7. f3 Nc6 8. Be3 Bd7 9. Qd2 a6 10. O-O-O O-O 11. Nxc6 Bxc6 12. Bh6 b5 13. Bxg7 Kxg7 14. Bb3 b4 15. Nd5 Bxd5 16. Bxd5 Nxd5 17. Qxd5 Qb6 18. g4 Qe3+ 19. Kb1 Qxf3 20. Rhf1 Qxg4 21. Rd2 a5 22. e5 dxe5 23.
Qxe5+ Kg8 24. Qxe7 Qe6 25. Qc7 Rfe8 26. Rd7 Rac8 27. Qb7 Qc4 28.
Rdd1 Qxc2+ 29. Ka1 Rc7 30. Qf3 Rec8 31. Qf4 a4 32. Rb1 Qc4 33. Qxc4 Rxc4 34. b3 axb3 35. axb3 Rc2 36. Rb2 f5 37.
Rf4 Rc1+ 38. Rb1 Rxb1+ 39. Kxb1 Rb8 40. Kc2 Kf7 41. Kd3 Ke6 42. Rc4 Kf6 43. Rc7 h5 44. h4 Rb6 45. Kc4 f4 46.
Kc5 Rb8 47. Kd4 Kf5 48. Rf7+ Kg4 49.
Ke4 Re8+ 50. Kd3 Re3+ 51. Kc4 f3 52. Rf6 Kg3 53. Rxg6+ Kf2 54.
Rg5 Re4+ 55. Kd3 Rxh4 56. Rf5 Rh1 57. Rf4 Kg3 58. Rf5 h4 59. Ke3 Re1+ 0-1

[Event "Régional Jeunes Occitanie 2024"]
[Site "L'Isle Jourdain, France"]
[Date "2024.02.23"]
[Round "6.3"]
[White "DUCES-AKHVERDOFF, Gabriel"]
[Black "PERROUIN, Alexian"]
[Result "1-0"]
[TimeControl "1h30 + 30s/cps"]
[WhiteElo "1797"]
[BlackElo "1829"]

1. d4 Nf6 2. c4 g6 3. Nc3 d6 4. e4 Bg7 5. Be2 Nbd7 6. Nf3 e5 7. O-O O-O 8. Qc2 Re8 9. d5 Nh5 10. Bg5 Bf6 11. Bd2 Nf4 12. Rfd1 g5 13. Ne1 Nf8 14. Nd3 N8g6 15. b4 Qd7 16. Bf1 Qg4 17. f3 Qh5 18. Ne2 g4 19. Ng3 Qg5 20. Ne1 h5 21. c5 Nh4 22. Kh1 gxf3 23. gxf3 Nhg6 24. Nd3 h4 25. Nf5 Bxf5 26. exf5 Qxf5 27. Rac1 Qh5 28. Nxf4 Nxf4 29. Qe4 Bg5 30.
Bb5 Re7 31. Rg1 Kh8 32. Rg4 Rg8 33. Rcg1 Rg6 34. Ba4 Nh3 35. R1g2 Bxd2 36. Rxh4 Rxg2 37. Rxh5+ Kg8 38. Rxh3 1-0

[Event "Régional Jeunes Occitanie 2024"]
[Site "L'Isle Jourdain, France"]
[Date "2024.02.23"]
[Round "6.8"]
[White "BAUER, Pierre"]
[Black "URIBE, Tunweya"]
[Result "1-0"]
[TimeControl "1h30 + 30s/cps"]
[WhiteElo "1765"]
[BlackElo "1291"]

1. d4 Nf6 2. c4 e6 3. Nc3 d5 4. cxd5 exd5 5. Bg5 c6 6. e3 h6 7. Bh4 Be7 8. Bd3 O-O 9. Nge2 Nbd7 10.
O-O Re8 11. f3 Nh5 12. Bf2 Nf8 13. e4 dxe4 14. fxe4 Ne6 15. Bc2 Nf6 16. Ng3 c5 17. d5 Nc7 18. Qd3 g6 19. Rad1 Qd6 20. Be3 Bf8 21. Bf4 Qd8 22. Bxc7 Qxc7 23. Rxf6 Bg7 24.
Rff1 Bd4+ 25. Kh1 Bd7 26. Qc4 Qe5 27. Qd3 Bg4 28. Rd2 Qg5 29. Bd1 Be3 30.
Rc2 Bxd1 31. Nxd1 Bd4 32. Qd2 Qh4 33. Nc3 Re5 34. Nce2 Rg5 35. Nxd4 cxd4 36. Rf4 Rg4 37. Rxg4 Qxg4 38. Qxd4 Rd8 39. Rc1 Qf4 40. Rf1 Qb8 41. e5 b6 42. Qf4 Qb7 43. Ne4 h5 44. Qg5 Qb8 45. e6 Kg7 46. Rxf7+ Kh8 47. Qf6+ 1-0

[Event "Régional Jeunes Occitanie 2024"]
[Site "L'Isle Jourdain, France"]
[Date "2024.02.23"]
[Round "6.2"]
[White "BEUCHER, Gauthier"]
[Black "CANFRAN, Joan"]
[Result "1-0"]
[TimeControl "1h30 + 30s/cps"]
[WhiteElo "1484"]
[BlackElo "1710"]

1. e4 g6 2. d4 Bg7 3. Nc3 d6 4. Be3 a6 5. Qd2 b5 6. O-O-O Bb7 7. f3 Nd7 8. h4 h5 9. Nh3 Ngf6 10. Ng5 e6 11. a3 O-O 12. Be2 Qe7 13. g4 Rfd8 14. gxh5 Nxh5 15. Rdg1 c5 16. f4 cxd4 17. Bxd4 e5 18. Be3 exf4 19. Bxf4 Nxf4 20. Qxf4 Be5 21.
Qd2 Kf8 22. h5 d5 23. hxg6 fxg6 24.
Rf1+ Nf6 25. Rh7 1-0

[ePGN "0.1;DGT LiveChess/2.2.6"]

[Event "Régional Jeunes Occitanie 2024"]
[Site "L'Isle Jourdain, France"]
[Date "2024.02.24"]
[Round "7.1"]
[White "MORENO-CHABOT, Clement"]
[Black "TOUITOU-BOUCHY, Sylvain"]
[Result "1-0"]
[TimeControl "1h30 + 30s/cps"]
[WhiteElo "1771"]
[BlackElo "1517"]

1. e4 d5 2. exd5 Nf6 3. Bb5+ Nbd7 4. d4 Nxd5 5. Nf3 c6 6. Bd3 e6 7. O-O Be7 8. c4 N5f6 9. b3 c5 10. Bb2 O-O 11. Qe2 b6 12. Rd1 cxd4 13. Nxd4 Bb7 14. Nf3 Qc7 15. Nc3 Rfd8 16. Nb5 Qc6 17. Nbd4 Qc8 18. Bc2 h6 19. a3 Re8 20. Nb5 Qc6 21. Nbd4 Qc8 22. b4 a6 23. Rac1 Bf8 24. Ne5 Qc7 25. Ndf3 Rad8 26. Nxd7 Nxd7 27.
Ba4 Bd6 28. c5 Bf4 29. c6 Bxc1 30.
cxd7 Rf8 31. Rxc1 Qf4 32. Rd1 b5 33. Bc2 Bd5 34. Ne5 Qg5 35. Be4 Bc4 36. Nxc4 bxc4 37. Qxc4 Qg4 38.
Bh7+ 1-0

[Event "Régional Jeunes Occitanie 2024"]
[Site "L'Isle Jourdain, France"]
[Date "2024.02.24"]
[Round "7.4"]
[White "PIRES, Oscar"]
[Black "PIERROT, Yohann"]
[Result "1/2-1/2"]
[TimeControl "1h30 + 30s/cps"]
[WhiteElo "1829"]
[BlackElo "2053"]

1. d4 Nf6 2. Nf3 g6 3. c4 Bg7 4.
Nc3 d5 5. e3 O-O 6. cxd5 Nxd5 7. Bc4 Nb6 8. Be2 c5 9. O-O cxd4 10. Nxd4 Bd7 11. Bf3 Nc6 12. Nxc6 Bxc6 13. Bxc6 bxc6 14. Qc2 Rb8 15. b3 Nd5 16. Bb2 Nb4 17. Qb1 Qd3 18. Rd1 Qxb1 19. Raxb1 Bxc3 20. Bxc3 Nxa2 21. Be1 Nb4 22. Rd7 Nc2 23. Rxa7 Nxe1 24. Rxe1 Rxb3 25. Rxe7 Rc8 26. Rc1 c5 27.
Rd7 Rb2 28. Rdd1 c4 29. Rc3 Rb3 30. Rdc1 Rxc3 31. Rxc3 Kf8 32. Kf1 Ke7 33. Ke2 Kd6 34. Kd2 Kc5 35. Ra3 Rd8+ 36. Kc2 Rd6 37.
Ra8 Rf6 38. Rc8+ Kd5 39. Rd8+ Kc5 1/2-1/2

[Event "Régional Jeunes Occitanie 2024"]
[Site "L'Isle Jourdain, France"]
[Date "2024.02.24"]
[Round "7.6"]
[White "MORALES, Maxime"]
[Black "WITTMANN, Paul"]
[Result "0-1"]
[TimeControl "1h30 + 30s/cps"]
[WhiteElo "1303"]
[BlackElo "1536"]

1. d4 Nf6 2. Nf3 g6 3. c4 Bg7 4. Nc3 d6 5. e4 O-O 6.
Be2 e5 7. O-O Nc6 8. d5 Ne7 9. Ne1 Ne8 10. Be3 f5 11. f3 f4 12. Bf2 g5 13. Nd3 h5 14. b4 Rf6 15. c5 Rg6 16. b5 g4 17. a4 Kh7 18. Bh4 Bf6 19. Bxf6 Nxf6 20. Re1 h4 21. Bf1 h3 22. Kf2 g3+ 23. hxg3 h2 24. Be2 Rxg3 25. Rh1 Rxg2+ 26. Kxg2 Qg8+ 27. Kf1 Qg3 28. Rxh2+ Qxh2 29.
Ke1 Qg1+ 30. Kd2 Qe3+ 31. Kc2 a6 32.
Qh1+ Kg7 33. Qg1+ Qxg1 34. Rxg1+ Kf7 35. cxd6 cxd6 36. Nf2 Nh5 37. Bc4 b6 38. Rh1 Nf6 39. Rh8 Neg8 40. Kb3 a5 41. Bf1 Kg6 42. Rh1 Nh5 43. Rg1+ Kf7 44. Nb1 Bd7 45. Nd2 Rb8 46. Nc4 Ke7 47.
Bg2 Ng3 48. Bf1 Nf6 49. Bd3 Be8 50. Nh1 Nfh5 51. Nd2 Bd7 52. Nf1 Rg8 53. Nfxg3 Nxg3 54. Nxg3 Rxg3 55. Rxg3 fxg3 56. Bf1 Kf6 57. Kc2 Kg5 58. Kd2 Kf4 59. Ke2 Be8 60. Bh3 g2 61.
Bxg2 Kg3 62. Kf1 Bh5 63. f4 Kxf4 64. Ke1 Bf3 65. Bf1 Bxe4 66. Bc4 Ke3 67. Bb3 Kd4 68. Kd2 Bxd5 69. Bd1 Bc4 70. Kc2 e4 71. Kc1 e3 72. Bc2 Kc3 73. Kd1 e2+ 74. Kc1 e1=Q+ 75. Bd1 Qd2+ 0-1

[Event "Régional Jeunes Occitanie 2024"]
[Site "L'Isle Jourdain, France"]
[Date "2024.02.24"]
[Round "7.2"]
[White "BEUCHER, Gauthier"]
[Black "COLLAS, Anthony"]
[Result "1-0"]
[TimeControl "1h30 + 30s/cps"]
[WhiteElo "1484"]
[BlackElo "1439"]

1. e4 e5 2. Nf3 Nc6 3. Bc4 Nf6 4. d3 Bc5 5. c3 d5 6.
exd5 Nxd5 7. Qb3 O-O 8. Bxd5 Na5 9. Bxf7+ Rxf7 10. Qc2 Nc6 11. O-O Bf5 12. Rd1 Rd7 13. Qb3+ Kh8 14. Qxb7 Rxd3 15. Rxd3 Bxd3 16. Qxc6 Bxb1 17. h3 e4 18. Ne5 Qf8 19. Nf7+ Kg8 20. Rxb1 Bxf2+ 21. Kxf2 Qxf7+ 22. Kg1 Rf8 23. Be3 h6 24.
c4 1-0

[Event "Régional Jeunes Occitanie 2024"]
[Site "L'Isle Jourdain, France"]
[Date "2024.02.24"]
[Round "7.3"]
[White "LAVILLEDIEU, Lily-Mei"]
[Black "DUCES-AKHVERDOFF, Gabriel"]
[Result "1/2-1/2"]
[TimeControl "1h30 + 30s/cps"]
[WhiteElo "1619"]
[BlackElo "1797"]

1. d4 Nf6 2. c4 e6 3. Nc3 Bb4 4. Qc2 O-O 5. Nf3 d5 6. e3 c5 7. Bd3 dxc4 8. Bxc4 cxd4 9. exd4 b6 10. a3 Be7 11. Bf4 Bb7 12. O-O-O Nd5 13. Nxd5 Bxd5 14. Bd3 h6 15. Qd2 Nd7 16. Kb1 Rc8 17.
Rhe1 Bxf3 18. gxf3 Bg5 19. Bxg5 Qxg5 20. Qxg5 hxg5 21. Rc1 Nf6 1/2-1/2

[Event "Régional Jeunes Occitanie 2024"]
[Site "L'Isle Jourdain, France"]
[Date "2024.02.24"]
[Round "7.8"]
[White "GRAND, Theophile"]
[Black "VALMIR, Clovis"]
[Result "0-1"]
[TimeControl "1h30 + 30s/cps"]
[WhiteElo "1325"]
[BlackElo "1390"]

1. c4 Nf6 2. g3 c6 3. Nf3 d6 4.
Bg2 e5 5. Nc3 Be7 6. O-O Be6 7. b3 Nbd7 8. d4 Qc7 9. e4 Bg4 10. Be3 d5 11. Qd3 dxe4 12. Nxe4 O-O-O 13. d5 Nxe4 14. Qxe4 f5 15. Qb1 f4 16. Bd2 Bf6 17. dxc6 bxc6 18. Bc3 Rde8 19. Nd2 e4 20. Bxf6 Nxf6 21. Re1 e3 22. fxe3 fxg3 23. hxg3 Qxg3 24. Nf1 Qc7 25. e4 Qb6+ 26. Kh1 Re5 27. Qd3 Rh5+ 28. Nh2 Qc7 29.
e5 Bf5 30. Qf3 Ng4 31. Bh3 Rxh3 32. Qxf5+ Qd7 33. Qxd7+ Kxd7 34. Rad1+ Kc7 35. Re2 Rf8 36. Kg1 Rg3+ 37. Rg2 Rxg2+ 38. Kxg2 Ne3+ 0-1